 Dungeon Crawl Stone Soup version 0.31-a0-1308-ga3cce3a448 (webtiles) character file.

Game seed: 18352953421594128003

40979 variable76 the Tortoise (level 13, 0/122 HPs)
             Began as a Minotaur Fighter on Dec 20, 2023.
             Was the Champion of Okawaru.
             Slain by an orc knight
             ... wielding a +0 war axe
              (8 damage)
             ... on level 13 of the Dungeon.
             The game lasted 01:01:51 (15681 turns).

variable76 the Tortoise (Minotaur Fighter)         Turns: 15681, Time: 01:01:52

Health: 0/122      AC: 30    Str: 21    XL:     13   Next: 77%
Magic:  22/22      EV: 13    Int: 10    God:    Okawaru [******]
Gold:   770        SH:  7    Dex:  9    Spells: 12/12 levels left

rFire   + . .        q - +8 short sword of the Apocalypse {heavy, *Corrode +Blink rN+++ Dex-3}
rCold   + . .        c - +0 buckler
rNeg    + + +        z - +2 plate armour
rPois   .            O - +3 hat of Pondering {ponderous, Will+ MP+10 Int+5}
rElec   +            y - +0 cloak
rCorr   .            A - +1 pair of gloves of Qeco {Regen+ Slay+2}
SInv    .            f - +2 pair of boots of the Bouncing Artists {+Blink rElec rC+ Str-3}
Will    +....        i - amulet of faith Stlth
                     u - +5 ring of evasion
HPRegen 1.20/turn    r - ring of protection from fire
MPRegen 0.18/turn

%: corrode self (3%), faith
@: studying Dodging, slow
A: horns 2, retaliatory headbutt
a: Renounce Religion, Evoke Blink, Heroism, Finesse, Duel, Receive Weapon


You were on level 13 of the Dungeon.
You worshipped Okawaru.
Okawaru was exalted by your worship.
You visited 3 branches of the dungeon, and saw 16 of its levels.

You collected 960 gold pieces.
You spent 190 gold pieces at shops.

Inventory:

Hand Weapons
 j - a +2 antimagic short sword
 m - a +2 dagger of protection
 q - the +8 short sword of the Apocalypse (weapon) {heavy, *Corrode +Blink rN+++ Dex-3}
   (You found it on level 2 of the Dungeon)

   Dex-3:     It affects your dexterity (-3).
   rN+++:     It renders you almost immune to negative energy.
   +Blink:    It lets you blink.
   *Corrode:  It may corrode you when you take damage.
 D - the +5 sling "Hysy" {speed, ^Contam Dex+5}
   (You found it on level 10 of the Dungeon)

   Dex+5:     It affects your dexterity (+5).
   ^Contam:   It causes magical contamination when unequipped.
Missiles
 K - a throwing net
 P - 2 silver javelins (quivered)
Armour
 c - a +0 buckler (worn)
 f - the +2 pair of boots of the Bouncing Artists (worn) {+Blink rElec rC+ Str-3}
   (Okawaru gifted it to you on level 1 of the Lair of Beasts)

   Str-3:     It affects your strength (-3).
   rC+:       It protects you from cold.
   rElec:     It insulates you from electricity.
   +Blink:    It lets you blink.
 y - a +0 cloak (worn)
 z - a +2 plate armour (worn)
 A - the +1 pair of gloves of Qeco (worn) {Regen+ Slay+2}
   (You bought it in a shop on level 5 of the Dungeon)

   Slay+2:    It affects your accuracy & damage with ranged weapons and melee
   (+2).
   Regen+:    It increases your rate of health regeneration.
 O - the +3 hat of Pondering (worn) {ponderous, Will+ MP+10 Int+5}
   (You took it off Gastronok on level 2 of the Lair of Beasts)

   Int+5:     It affects your intelligence (+5).
   Will+:     It increases your willpower.
   MP+10:     It affects your magic capacity (+10).
 V - the +2 robe "Putzo" {Int+4}
   (You found it on level 13 of the Dungeon)

   Int+4:     It affects your intelligence (+4).
Jewellery
 h - a ring of protection from cold
 i - an amulet of faith (around neck)
 r - a ring of protection from fire (right hand)
 u - a +5 ring of evasion (left hand)
 U - a ring of resist corrosion
Wands
 x - a wand of polymorph (15)
 F - a wand of paralysis (20)
 G - a wand of digging (7)
 H - a wand of iceblast (12)
 Q - a wand of light (5)
 T - a wand of mindburst (5)
Scrolls
 a - 2 scrolls of vulnerability
 b - a scroll of amnesia
 n - 2 scrolls of fog
 o - 4 scrolls of teleportation
 p - 3 scrolls of identify
 t - a scroll of noise
 E - a scroll of torment
 I - 2 scrolls of enchant weapon
 N - a scroll of immolation
 R - a scroll of silence
Potions
 d - 2 potions of might
 g - 2 potions of curing
 k - 2 potions of haste
 l - 4 potions of brilliance
 s - 3 potions of berserk rage
 w - 3 potions of degeneration
 B - 2 potions of ambrosia
 L - 3 potions of attraction {unknown}
 M - 2 potions of enlightenment


   Skills:
 + Level 13.5 Fighting
 + Level 12.5(12.7) Short Blades
 + Level 3.2(9.4) Long Blades
 + Level 16.7 Armour
 + Level 4.5 Dodging
 + Level 2.2 Stealth
 + Level 13.0 Shields
 + Level 2.0 Evocations


You had 12 spell levels left.
You didn't know any spells.
Your spell library contained the following spells:

 Spells                   Type           Power      Damage    Failure   Level
 Magic Dart               Conj           0%         1d3       98%         1
 Searing Ray              Conj           0%         2d4       99%         2
 Gell's Gravitas          Tloc           0%         N/A       100%        3
 Teleport Other           Tloc           0%         N/A       100%        3
 Fulminant Prism          Conj/Hex       0%         3d5       100%        4
 Dispersal                Tloc           0%         N/A       100%        6


Dungeon Overview and Level Annotations

Branches:
Dungeon (13/15)            Temple (1/1) D:4            Lair (2/5) D:11
 Spider (0/4) Lair:2          Orc (0/2) D:12
  Swamp: Lair:2-3    Shoals: Lair:2-3    Vaults: D:13-14

Altars:
Ashenzari
Cheibriados
Dithmenos
Elyvilon
Fedhas
Gozag
Hepliaklqana
Kikubaaqudgha
Makhleb
Nemelex Xobeh
Okawaru
Qazlal
Ru
Sif Muna
Trog
Uskayaw
Vehumet
Wu Jian
Xom
Yredelemnul
Zin
The Shining One

Shops:
D:5 [   D:6 (   D:8 :((=

Portals:
Trove: D:11 (give 6 scrolls of fog)

Annotations:
D:6 1 runed translucent door
Lair:1 exclusion: oklob plant


Innate Abilities, Weirdness & Mutations

You have a pair of horns on your head.
You reflexively headbutt those who attack you in melee.


Message History

You hit the orc knight but do no damage.
The orc knight is heavily wounded.
The orc knight barely misses you. You furiously retaliate!
You headbutt the orc knight.
You hit the orc knight but do no damage.
The orc knight is heavily wounded.
An acid dragon comes into view.
The two-headed ogre misses you. x2
The acid dragon spits acid at you.
The splash of acid hits you but does no damage.
You block the orc knight's attack.
The orc knight hits you with a +0 great sword!!
There is an open door, spattered with blood here.
You hit the orc knight but do no damage.
You headbutt the orc knight.
The orc knight is heavily wounded.
The orc knight completely misses you. The orc knight misses you.
You hit the orc knight.
You headbutt the orc knight, but do no damage.
The orc knight is heavily wounded.
The two-headed ogre barely misses you. x2
The orc knight attacks as it pursues you!
The orc knight hits you with a +0 war axe!
The orc knight hits you but does no damage.
The deep elf zephyrmancer gestures wildly while chanting.
The deep elf zephyrmancer blinks!
The orc knight closely misses you.
The orc knight hits you with a +0 great sword!!
You closely miss the orc knight. You headbutt the orc knight!
The orc knight is severely wounded.
You hit the orc knight.
The orc knight is severely wounded.
The deep elf zephyrmancer mumbles some strange words.
The deep elf zephyrmancer blinks!
The orc knight hits you with a +0 war axe!
The orc knight hits you with a +0 great sword!!!
* * * LOW HITPOINT WARNING * * *
You hit the orc knight. Your headbutt misses the orc knight.
The orc knight is almost dead.
The orc knight hits you with a +0 war axe!
You die...

... . .. .. . e.. ..
##.#.... ...
####'####§... .. ... #
.........#.###.# #.# .#
....[..........###.###.#
.......O.....D. ........
##o# #...# #......
#o@####..# #...#
#..#.#.()# #)..#
#+####..##...#...#..#
#....').#..<.######.#
####.####.#..#### #.####
#...............###.....
#.......................
##..#.###.#...T9.†..##.#
#..#.# #.#...#####9##.#


You could see 2 orc knights, a two-headed ogre and a deep elf zephyrmancer.

Vanquished Creatures
  Gastronok (Lair:2)
  3 hydras (Lair:2)
  Erica (D:8)
  3 two-headed ogres
  4 death yaks (Lair:2)
  2 boulder beetles (Lair:2)
  Nergalle (D:10)
  A skyshark (Lair:2)
  2 deep elf pyromancers (D:13)
  A necromancer (D:10)
  An ugly thing (D:12)
  2 cyclopes (D:13)
  6 black mambas
  4 gargoyles
  3 unseen horrors
  2 torpor snails (Lair:2)
  11 cane toads
  Maggie (Lair:1)
  The ghost of Phlounder the Magician, a novice DjHW (D:4)
  4 rime drakes
  10 komodo dragons
  A hornet (Lair:1)
  3 polar bears
  3 trolls
  Prince Ribbit (D:8)
  2 tarantellas (Lair:2)
  5 blink frogs
  A dream sheep (Lair:2)
  4 slime creatures (D:12)
  A hog (shapeshifter) (D:11)
  30 yaks
  4 wyverns
  2 wraiths (D:11)
  2 basilisks
  2 acid dragons
  A water moccasin (shapeshifter) (D:13)
  9 water moccasins
  4 orc warriors
  3 ice beasts
  A black bear (Lair:2)
  A sky beast (D:8)
  2 ogres
  A phantom (D:7)
  7 wolves
  8 centaurs
  3 kobold brigands
  17 bullfrogs
  9 scorpions
  2 gnoll sergeants
  A wight (D:7)
  3 killer bees (D:11)
  4 howler monkeys
  4 hounds (D:5)
  2 gnoll boudas
  6 orc priests
  A sleepcap (D:7)
  Natasha (thrice) (D:3)
  7 iguanas
  A hell rat (Lair:2)
  13 orc wizards
  2 polar bear simulacra (D:10)
  2 yak simulacra (D:10)
  5 wolf simulacra (D:10)
  Robin (D:3)
  7 gnolls
  13 adders
  2 worms (D:3)
  A dart slug (D:2)
  34 orcs
  8 bats
  6 endoplasms
  9 giant cockroaches
  12 goblins
  6 hobgoblins
  12 jackals
  7 quokkas
  10 ball pythons
  2 frilled lizards
  20 kobolds
  5 rats
  2 river rat simulacra (D:10)
404 creatures vanquished.

Notes
Turn   | Place    | Note
-------+----------+-------------------------------------------
     0 | D:1      | variable76 the Minotaur Fighter began the quest for the
                  | Orb.
     0 | D:1      | Reached XP level 1. HP: 19/19 MP: 0/0
   127 | D:1      | Reached XP level 2. HP: 27/27 MP: 1/1
   141 | D:1      | Reached skill level 4 in Armour
   503 | D:1      | Reached XP level 3. HP: 33/33 MP: 2/2
  1427 | D:2      | Identified the +8 short sword of the Apocalypse {heavy,
                  | *Corrode +Blink rN+++ Dex-3}
  2049 | D:3      | Reached XP level 4. HP: 40/40 MP: 3/3
  2051 | D:3      | Noticed Robin
  2059 | D:3      | Killed Robin
  2324 | D:3      | Reached skill level 1 in Dodging
  2450 | D:3      | Noticed Natasha
  2453 | D:3      | Reached skill level 1 in Short Blades
  2453 | D:3      | Reached skill level 5 in Armour
  2456 | D:3      | Killed Natasha
  2457 | D:3      | Reached XP level 5. HP: 33/46 MP: 4/4
  2677 | D:3      | Noticed Natasha
  2683 | D:3      | Killed Natasha
  2840 | D:3      | Noticed Natasha
  2844 | D:3      | Killed Natasha
  3193 | D:4      | Found a runed translucent gate.
  3193 | D:4      | Found a runed translucent gate.
  3194 | D:4      | Found a runed translucent gate.
  3209 | D:4      | Found an opulent altar of Gozag.
  3210 | D:4      | Noticed Phlounder's ghost (novice DjHW)
  3220 | D:4      | Reached skill level 6 in Armour
  3220 | D:4      | Reached XP level 6. HP: 50/53 MP: 5/5
  3222 | D:4      | Found a staircase to the Ecumenical Temple.
  3255 | Temple   | Entered the Ecumenical Temple
  3280 | Temple   | Became a worshipper of Warmaster Okawaru
  3374 | D:4      | Found a shimmering blue altar of Sif Muna.
  3991 | D:4      | Killed Phlounder's ghost
  3991 | D:4      | Reached * piety under Okawaru
  3992 | D:4      | Reached XP level 7. HP: 33/60 MP: 6/6
  4169 | D:5      | Entered Level 5 of the Dungeon
  4197 | D:5      | Reached skill level 5 in Fighting
  4197 | D:5      | Reached skill level 7 in Armour
  4278 | D:5      | Reached skill level 1 in Stealth
  4292 | D:5      | Reached skill level 5 in Short Blades
  4292 | D:5      | Reached skill level 5 in Shields
  4302 | D:5      | Reached XP level 8. HP: 32/68 MP: 7/7
  4644 | D:5      | Reached ** piety under Okawaru
  4745 | D:5      | Found a sacrificial altar of Ru.
  5049 | D:5      | Found Xah Jietti's Antique Armour Emporium.
  5055 | D:5      | Bought a pair of heavily runed gloves for 190 gold pieces
  5055 | D:5      | Identified the +1 pair of gloves of Qeco {Regen+ Slay+2}
                  | (You bought it in a shop on level 5 of the Dungeon)
  5368 | D:6      | Found a runed translucent door.
  5370 | D:6      | Found a runed translucent door.
  5464 | D:6      | Found Laestrast's Weapon Shoppe.
  5499 | D:6      | Reached skill level 8 in Armour
  5545 | D:6      | Found a glowing golden altar of the Shining One.
  5965 | D:6      | Reached *** piety under Okawaru
  6114 | D:7      | Found an ancient bone altar of Kikubaaqudgha.
  6168 | D:7      | Reached XP level 9. HP: 72/75 MP: 8/8
  6366 | D:7      | Reached skill level 9 in Armour
  6520 | D:7      | Reached **** piety under Okawaru
  6568 | D:7      | Found a white marble altar of Elyvilon.
  6731 | D:7      | Reached skill level 10 in Armour
  6883 | D:8      | Found Haqiyl's Weapon Shoppe.
  6891 | D:8      | Found Osask's Weapon Shoppe.
  7096 | D:8      | Noticed Prince Ribbit
  7109 | D:8      | Killed Prince Ribbit
  7109 | D:8      | Reached ***** piety under Okawaru
  7184 | D:8      | Noticed Erica
  7192 | D:8      | Killed Erica
  7192 | D:8      | Received a gift from Okawaru
  7193 | D:8      | Reached XP level 10. HP: 74/88 MP: 9/9
  7233 | D:8      | Found Vasmir's Book Boutique.
  7336 | D:8      | Found Ykle's Jewellery Shoppe.
  8002 | D:10     | Entered Level 10 of the Dungeon
  8046 | D:10     | Reached skill level 11 in Armour
  8334 | D:10     | Identified the +5 sling "Hysy" {speed, ^Contam Dex+5}
  8369 | D:10     | Noticed Nergalle
  8384 | D:10     | Killed Nergalle
  8515 | D:10     | Noticed a necromancer
  8522 | D:10     | Reached skill level 10 in Short Blades
  8526 | D:10     | Killed a necromancer
  8526 | D:10     | Received a gift from Okawaru
  8653 | D:10     | Noticed a gargoyle
  8661 | D:10     | Killed a gargoyle
  8663 | D:10     | Noticed a gargoyle
  8680 | D:10     | Killed a gargoyle
  8681 | D:10     | Reached skill level 12 in Armour
  9064 | D:10     | You fall into a shaft and drop 1 floor!
  9227 | D:11     | Received a gift from Okawaru
  9228 | D:11     | Reached XP level 11. HP: 86/95 MP: 10/10
  9687 | D:11     | Found a portal to a secret trove of treasure.
  9733 | D:11     | Found a staircase to the Lair.
  9748 | D:11     | Noticed a two-headed ogre
  9759 | D:11     | Killed a two-headed ogre
 10138 | Lair:1   | Entered Level 1 of the Lair of Beasts
 10172 | Lair:1   | Received a gift from Okawaru
 10228 | Lair:1   | Found a glowing silver altar of Zin.
 10228 | Lair:1   | Noticed an oklob plant
 10287 | Lair:1   | Reached skill level 13 in Armour
 10388 | Lair:1   | Noticed Maggie
 10412 | Lair:1   | HP: 2/97 [Maggie/+1 halberd of distortion (14)]
 10418 | Lair:1   | HP: 2/97 [komodo dragon (10)]
 10505 | Lair:1   | Killed Maggie
 10505 | Lair:1   | Reached ****** piety under Okawaru
 10506 | Lair:1   | Acquired the +2 pair of boots of the Bouncing Artists
                  | {+Blink rElec rC+ Str-3}
 10506 | Lair:1   | Received a gift from Okawaru
 10567 | Lair:1   | Reached skill level 10 in Fighting
 10655 | Lair:1   | Reached skill level 10 in Shields
 10662 | Lair:1   | Received a gift from Okawaru
 10689 | Lair:1   | Reached skill level 1 in Evocations
 10953 | Lair:1   | Paralysed by a hornet for 3 turns
 11044 | Lair:1   | Reached XP level 12. HP: 106/106 MP: 11/11
 11587 | Lair:2   | Noticed a six-headed hydra
 11596 | Lair:2   | Killed a six-headed hydra
 11596 | Lair:2   | Received a gift from Okawaru
 11597 | Lair:2   | Reached skill level 14 in Armour
 12047 | Lair:2   | Noticed a boulder beetle
 12074 | Lair:2   | Killed a boulder beetle
 12107 | Lair:2   | Noticed a death yak
 12120 | Lair:2   | Killed a death yak
 12357 | Lair:2   | Found a hole to the Spider Nest.
 12368 | Lair:2   | Received a gift from Okawaru
 12509 | Lair:2   | Found a glowing golden altar of the Shining One.
 12544 | Lair:2   | Noticed Gastronok
 12582 | Lair:2   | Killed Gastronok
 12583 | Lair:2   | Reached skill level 15 in Armour
 12816 | Lair:2   | Noticed a five-headed hydra
 12831 | Lair:2   | Received a gift from Okawaru
 12840 | Lair:2   | Killed a five-headed hydra
 13081 | Lair:2   | Noticed a death yak
 13104 | Lair:2   | Killed a death yak
 13104 | Lair:2   | Received a gift from Okawaru
 13128 | Lair:2   | Reached XP level 13. HP: 36/118 MP: 12/12
 13256 | Lair:2   | Reached skill level 16 in Armour
 13327 | Lair:2   | Received a gift from Okawaru
 14025 | D:12     | Found a staircase to the Orcish Mines.
 14125 | D:12     | Received a gift from Okawaru
 14751 | D:12     | HP: 5/122 [very large slime creature (41)]
 15223 | D:13     | Received a gift from Okawaru
 15506 | D:13     | Identified the +2 robe "Putzo" {Int+4}
 15681 | D:13     | Slain by an orc knight

Illustrated notes

Levels and vault maps discovered:
D:1:      saegor_arrival_simple_b, layout_basic,
          nicolae_concentric_dashed_squares_mild
D:2:      layout_rooms, minmay_unequal
D:3:      minmay_evil_eye, layout_basic, hangedman_feature_mirror,
          kennysheep_generic_room_12, uniq_robin, uniq_natasha
D:4:      cheibrodos_quashed, layout_rooms, mainiacjoe_overflow_paths,
          minmay_temple_entry_antechambers, ebering_ghost_gozag,
          chequers_serial_rivers_marsh, chequers_jeans, grunt_decor_clamped,
          st_stairs_10, serial_bayou_ford_a
D:5:      layout_cave_pods, mainiacjoe_overflow_surrounded_room,
          kennysheep_small_square
D:6:      lemuel_insect_pit, layout_cave_pools, mainiacjoe_overflow_chevrons,
          serial_shops, shop, kennysheep_generic_room_16
D:7:      minmay_flawed_box, layout_loops_ring, marbit_many_paths,
          mainiacjoe_overflow_six_doors_small, serial_bayou_pond_b
D:8:      layout_rooms, serial_shops, shop, shop, shop,
          nicolae_shop_back_alley_shop, uniq_erica, uniq_prince_ribbit1
D:9:      layout_basic
D:10:     layout_grid_maze, eino_house_with_fridge, uniq_nergalle
D:11:     layout_long_grid, lair_entry_dummy, enter_trove_3
D:12:     layout_basic, orc_0_dummy, minmay_misc_feat_room
D:13:     layout_loops_ring, david_vaults_1
Temple:   minmay_crystal_spiral_temple
Lair:1:   minmay_lair_venomous_thicket, layout_cave_pods, minivault_26,
          lemuel_oklob_altar, serial_bayou_shore_b, grunt_megastairs_5,
          serial_bayou_shore_b, infiniplex_staircase_pool_2, uniq_maggie
Lair:2:   nzn_winding_woodlands_huge [nzn_winding_woodlands_5x15_cabin,
          nzn_winding_woodlands_5x15_crooked, nzn_winding_woodlands_5x15_zeroes,
          nzn_winding_woodlands_5x15_twine,
          nzn_winding_woodlands_5x15_concentric,
          nzn_winding_woodlands_5x15_default,
          nzn_winding_woodlands_5x15_default,
          nzn_winding_woodlands_5x15_longhouse, nzn_winding_woodlands_5x15_pool,
          nzn_winding_woodlands_5x15_default,
          nzn_winding_woodlands_center_pierced_h,
          nzn_winding_woodlands_center_lodge,
          nzn_winding_woodlands_15x15_five_gardens], layout_gridlike,
          spider_nest_entry_rubble, basic_altar, uniq_gastronok

Skill      XL: |  1  2  3  4  5  6  7  8  9 10 11 12 13 |
---------------+----------------------------------------+-----
Armour         | 4 5 6 7 8 10 12 13 15 16 | 16.7
Shields        | 4 5 7 8 10 11 13 | 13.0
Long Blades    | 3 |  3.2
Fighting       | 4 5 6 7 8 10 12 13 | 13.5
Dodging        | 1 2 3 4 |  4.5
Short Blades   | 1 2 4 5 7 9 10 11 12 | 12.5
Stealth        | 1 2 |  2.2
Evocations     | 1 2 |  2.0

Action                     |  1- 3 |  4- 6 |  7- 9 | 10-12 | 13-15 || total
---------------------------+-------+-------+-------+-------+-------++-------
  Melee: Long sword        |    39 |       |       |       |       ||    39
         Headbutt          |    10 |    10 |    41 |   147 |    94 ||   302
         Mace              |     7 |       |       |       |       ||     7
         Dagger            |    42 |       |       |       |       ||    42
         Short sword       |    21 |   100 |   241 |   627 |   336 ||  1325
 Invoke: Receive Armour    |       |       |       |     1 |       ||     1
  Evoke: Wand              |       |       |     2 |     6 |     2 ||    10
    Use: Scroll            |       |     7 |    14 |     2 |     4 ||    27
         Potion            |       |       |     2 |     8 |     4 ||    14
   Stab: Distracted        |       |       |       |       |     1 ||     1
 Armour: Scale mail        |    93 |    46 |       |       |       ||   139
         Chain mail        |       |    10 |    16 |       |       ||    26
         Plate armour      |       |       |   133 |   564 |   206 ||   903
  Dodge: Dodged            |    61 |    58 |   137 |   374 |   132 ||   762
  Block: Buckler           |    28 |    23 |    53 |   185 |    74 ||   363

Table legend: (Time is in decaauts)
 A = Elapsed time spent in this place.
 B = Non-inter-level travel time spent in this place.
 C = Inter-level travel time spent in this place.
 D = Time resting spent in this place.
 E = Time spent auto-exploring this place.
 F = Levels seen in this place.
 G = Mean time per level.
                   A        B        C        D        E       F      G
               +--------+--------+--------+--------+--------+-----+--------+
         Total |  15733 |  14074 |   1659 |   2451 |   7827 |  16 |  983.3 |
       Dungeon |  12230 |  10899 |   1331 |   1820 |   6255 |  13 |  940.8 |
        Temple |    102 |      4 |     98 |      0 |      0 |   1 |  102.0 |
          Lair |   3400 |   3171 |    229 |    631 |   1572 |   2 | 1700.0 |
               +--------+--------+--------+--------+--------+-----+--------+

Top non-repeatable levels by time:
  Lair:2: 1928 daAuts
  Lair:1: 1472 daAuts
     D:3: 1353 daAuts
    D:10: 1352 daAuts
    D:12: 1292 daAuts
     D:5: 1198 daAuts
     D:4: 1013 daAuts
     D:1: 972 daAuts
     D:7: 916 daAuts
     D:2: 906 daAuts
    D:11: 871 daAuts
     D:6: 759 daAuts
     D:8: 598 daAuts
     D:9: 574 daAuts
    D:13: 421 daAuts
